 Dungeon Crawl Stone Soup version 0.29-a0-284-gf9362112df (webtiles) character file.

Game seed: 11792623530270505124

158 Sweetruy1997 the Skirmisher (level 5, -5/42 HPs)
             Began as a Demonspawn Chaos Knight on Mar 28, 2022.
             Was a Plaything of Xom.
             Slain by an ogre
             ... wielding a +0 giant club
              (24 damage)
             ... on level 4 of the Dungeon.
             The game lasted 00:09:38 (3783 turns).

Sweetruy1997 the Skirmisher (DsCK)                  Turns: 3783, Time: 00:09:39

Health: -5/42      AC:  8    Str: 12    XL:     5   Next: 16%
Magic:  5/5        EV: 10    Int: 20    God:    Xom [...*..]
Gold:   213        SH:  0    Dex: 14    Spells: 1/4 levels left

rFire   + . .      SeeInvis +   a - +1 hand axe (chaos)
rCold   . . .      Faith    .   (no shield)
rNeg    . . .      Spirit   .   i - +2 ring mail {rF+}
rPois   .          Reflect  .   q - +0 hat
rElec   .          Harm     .   (no cloak)
rCorr   .          Rampage  .   e - +0 pair of gloves {Stlth+}
Will    .....                   (no boots)
Stlth   ++........              (no amulet)
HPRegen 0.14/turn               d - +6 ring of intelligence
MPRegen 0.09/turn               k - ring of see invisible

@: no status effects
A: antennae 1, powered by death 1
a: Renounce Religion


You were on level 4 of the Dungeon.
You worshipped Xom.
You were a favourite toy of Xom.
You visited 1 branch of the dungeon, and saw 4 of its levels.

You collected 213 gold pieces.

Inventory:

Hand Weapons
 a - a +1 hand axe of chaos (weapon)
 j - the +7 hunting sling of Chance {vorpal, rF++ rN+ Str-4 Int+2}
   (You found it on level 2 of the Dungeon)

   Any ammunition fired from it inflicts extra damage upon your enemies.
   Str:       It affects your strength (-4).
   Int:       It affects your intelligence (+2).
   rF:        It greatly protects you from fire.
   rN:        It protects you from negative energy.
Armour
 e - a +0 pair of gloves of stealth (worn)
 i - a +2 ring mail of fire resistance (worn)
 q - a +0 hat (worn)
Jewellery
 d - a +6 ring of intelligence (left hand)
 g - a ring of flight
 k - a ring of see invisible (right hand)
Scrolls
 h - 2 scrolls of immolation
 m - a scroll of amnesia
 o - a scroll of blinking
Potions
 b - a potion of ambrosia {unknown}
 f - a potion of invisibility {unknown}
 l - a potion of brilliance
 n - a potion of mutation {unknown}
Miscellaneous
 c - a piece from Xom's chessboard (13/15) (quivered)


   Skills:
 + Level 3.9 Fighting
 + Level 3.4 Axes
 + Level 2.0 Slings
 - Level 2.0 Armour
 + Level 1.7 Dodging
 + Level 1.1 Stealth
 + Level 0.4 Evocations


You had one spell level left.
You knew the following spells:

 Your Spells              Type           Power      Damage    Failure   Level
a - Animate Skeleton      Necr           0%         N/A       38%         1
b - Magic Dart            Conj           0%         1d3       38%         1
c - Pain                  Necr           0%         1d4       38%         1

Your spell library contained the following spells:

 Spells                   Type           Power      Damage    Failure   Level
 Blink                    Tloc           0%         N/A       54%         2
 Searing Ray              Conj           0%         2d4       54%         2
 Lesser Beckoning         Tloc           0%         N/A       77%         3
 Vampiric Draining        Necr           0%         2d6       77%         3
 Fulminant Prism          Conj/Hex       0%         3d6       99%         4
 Manifold Assault         Tloc           0%         N/A       100%        5


Dungeon Overview and Level Annotations

Branches:
Dungeon (4/15)             Temple (0/1) D:4

Altars:
Elyvilon

Shops:
D:2 (


Innate Abilities, Weirdness & Mutations

You have a pair of small antennae on your head.
You regenerate a little health from kills.


Message History

Found a stone staircase leading down.
You open the door.
There is an open door here.
As you open the door, it creaks loudly!
There is an open door here.
Found a stone staircase leading down.
You open the door.
There is an open door here.
r - a scroll of identify
There is an open door here.
You open the door.
There is an open door here.
There is an open door here.
As you open the door, it creaks loudly!
As you read the scroll of identify, it crumbles to dust.
p - a scroll of noise You drop a scroll of noise.
There is an open door here.
You open the door.
There is an open door here.
You open the door.
An ogre comes into view. It is wielding a +0 giant club.
The ogre shouts!
The ogre moves out of view.
There is an open door here.
You shoot a sling bullet.
The sling bullet barely misses the ogre.
The ogre barely misses you.
You make a move on Xom's chessboard...
The ogre resists with significant effort.
The ogre hits you with a +0 giant club!!
Ouch! That really hurt!
You make a move on Xom's chessboard...
The ogre appears confused.
You are too injured to fight recklessly!
Your +1 hand axe of chaos is briefly surrounded by a scintillating aura of random colours.
a - a +1 hand axe of chaos (weapon)
The ogre hits you with a +0 giant club!!
Ouch! That really hurt!
You die...
Xom giggles madly!

..#..##...######...##..#
..#..##...## ##...#
..#........# #....#
..#........# #....#
..#####...## ##########
#....##...#######.......
#....#..........#.......
'....#..........#O......
#...?'..........@.......
#....#..####'##.#.......
#########.....##########
#.....# #.....# #.....#
#.....# #######


You could see an ogre (confused).

Vanquished Creatures
  A hound (D:4)
  An orc wizard (D:3)
  6 adders
  3 orcs (D:3)
  2 endoplasms (D:2)
  A giant cockroach (D:1)
  4 goblins
  3 hobgoblins
  2 jackals (D:2)
  5 quokkas
  5 ball pythons
  3 bats
  2 frilled lizards (D:1)
  7 kobolds
  4 rats
49 creatures vanquished.

Notes
Turn   | Place    | Note
-------+----------+-------------------------------------------
     0 | D:1      | Sweetruy1997 the Demonspawn Chaos Knight began the quest
                  | for the Orb.
     0 | D:1      | Reached XP level 1. HP: 18/18 MP: 1/1
    51 | D:1      | XOM: silly message
   155 | D:1      | XOM: divination: detect creatures
   240 | D:1      | Reached skill level 1 in Dodging
   362 | D:1      | XOM: silly message
   539 | D:1      | XOM: divination: detect items
   553 | D:1      | Gained mutation: You have a pair of small antennae on your
                  | head. [demonic ancestry]
   553 | D:1      | Reached XP level 2. HP: 24/24 MP: 2/2
   582 | D:1      | XOM: divination: detect creatures
   752 | D:1      | XOM: silly message
   883 | D:2      | Identified the +7 hunting sling of Chance {vorpal, rF++ rN+
                  | Str-4 Int+2}
  1029 | D:2      | XOM: divination: detect creatures
  1220 | D:2      | Found Tusten's Antique Weapon Shoppe.
  1239 | D:2      | XOM: summons 2 hostile demons
  1587 | D:2      | Gained mutation: You regenerate a little health from kills.
                  | [demonic ancestry]
  1587 | D:2      | Reached XP level 3. HP: 29/29 MP: 3/3
  1673 | D:2      | XOM: noise
  1975 | D:3      | Learned a level 1 spell: Animate Skeleton
  1977 | D:3      | Learned a level 1 spell: Magic Dart
  2023 | D:3      | Found a faded altar of an unknown god.
  2039 | D:3      | XOM: summons 2 hostile demons
  2040 | D:3      | Noticed a chaos spawn
  2193 | D:3      | XOM: divination: detect creatures
  2239 | D:3      | XOM: confuse monster(s)
  2250 | D:3      | Reached skill level 1 in Slings
  2250 | D:3      | Reached XP level 4. HP: 35/37 MP: 4/4
  2411 | D:3      | XOM: 5-stop teleportation journey
  2660 | D:3      | XOM: summons 3 hostile demons
  2762 | D:3      | XOM: scenery: summon butterflies
  3146 | D:4      | Reached skill level 1 in Stealth
  3146 | D:4      | Reached XP level 5. HP: 42/42 MP: 5/5
  3185 | D:4      | XOM: summons 3 hostile demons
  3395 | D:4      | XOM: summons 2 hostile demons
  3440 | D:4      | XOM: torment (23/42 hp)
  3558 | D:4      | XOM: god gift: 25 stones
  3649 | D:4      | Learned a level 1 spell: Pain
  3664 | D:4      | Found a staircase to the Ecumenical Temple.
  3673 | D:4      | XOM: 4-stop teleportation journey
  3683 | D:4      | XOM: god gift: glowing scythe {god gift}
  3778 | D:4      | Noticed an ogre
  3783 | D:4      | Slain by an ogre

Illustrated notes

Levels and vault maps discovered:
D:1:      psy_arrival_radial01, layout_basic
D:2:      layout_rooms, serial_shops, shop_statue, basic_altar, minivault_26
D:3:      layout_loops_corners, ebering_ecumenical_altar_mist
D:4:      layout_gridville, minmay_temple_entry_mist

Skill      XL: |  1  2  3  4  5 |
---------------+----------------+-----
Dodging        | 1 |  1.7
Armour         | 2 |  2.0
Axes           | 3 |  3.4
Slings         | 1 2 |  2.0
Stealth        | 1 |  1.1
Fighting       | |  3.9
Evocations     | |  0.4

Action                   |  1- 3 |  4- 6 || total
-------------------------+-------+-------++-------
Melee: Hand axe          |    74 |    36 ||   110
       Hunting sling     |     4 |       ||     4
       Punch             |     1 |       ||     1
 Fire: Hunting sling     |    26 |    25 ||    51
Evoke: Piece from Xom's  |     5 |     5 ||    10
  Use: Scroll            |     6 |     4 ||    10
       Potion            |     1 |     1 ||     2
 Stab: Confused          |     1 |       ||     1
       Paralysed         |       |     7 ||     7
Armor: Leather armour    |    67 |       ||    67
       Ring mail         |     3 |    44 ||    47
Dodge: Dodged            |    85 |    48 ||   133

Table legend: (Time is in decaauts)
 A = Elapsed time spent in this place.
 B = Non-inter-level travel time spent in this place.
 C = Inter-level travel time spent in this place.
 D = Time resting spent in this place.
 E = Time spent auto-exploring this place.
 F = Levels seen in this place.
 G = Mean time per level.
                   A        B        C        D        E       F      G
               +--------+--------+--------+--------+--------+-----+--------+
         Total |   3821 |   3751 |     70 |    913 |   2271 |   4 |  955.2 |
       Dungeon |   3821 |   3751 |     70 |    913 |   2271 |   4 |  955.2 |
               +--------+--------+--------+--------+--------+-----+--------+

Top non-repeatable levels by time:
     D:3: 1200 daAuts
     D:1: 1144 daAuts
     D:2: 771 daAuts
     D:4: 706 daAuts
